TOP OF THE 1ST |
Connecticut Tigers batting - Pitching for Hudson Valley Renegades : LHP Alex Viera
|
Pitching: LHP Alex Viera
|
|
Batting: RHB Sam Saunders
|
0-0: Ball 1-0: Ground out 6-3 (Groundball, 6, EV 110.0 MPH)
|
Batting: LHB Jon Pedlar
|
0-0: Swinging Strike 0-1: Ball 1-1: Ball 2-1: Fly out, F7 (Line Drive, 7S, EV 100.0 MPH)
|
Batting: RHB Josh Lyon
|
0-0: Ball 1-0: Swinging Strike 1-1: Ball 2-1: Foul Ball, location: 2F 2-2: Ball 3-2: Ground out 6-3 (Groundball, 6, EV 89.4 MPH)
|
Top of the 1st over - 0 runs, 0 hits, 0 errors, 0 left on base; Connecticut 0 - Hudson Valley 0 |
BOTTOM OF THE 1ST |
Hudson Valley Renegades batting - Pitching for Connecticut Tigers : LHP Randolph Main
|
Pitching: LHP Randolph Main
|
|
Batting: RHB Wan-ling Zhu
|
0-0: Called Strike 0-1: Ball 1-1: Ball 2-1: Swinging Strike 2-2: Ball 3-2: Foul Ball, location: 2F 3-2: Strikes out swinging
|
Batting: RHB Kunizo Yanagisawa
|
0-0: Ball 1-0: Ball 2-0: Ball 3-0: Called Strike 3-1: Called Strike 3-2: SINGLE (Groundball, 6MD, EV 95.6 MPH)
|
Batting: RHB Joe Hartigan
|
0-0: Called Strike 0-1: Foul Ball, location: 2F 0-2: Strikes out looking
|
Batting: RHB Alex Koral
|
0-0: Fielders Choice at 2nd, 6-4 (Groundball, 6, EV 101.9 MPH)
|
Bottom of the 1st over - 0 runs, 1 hit, 0 errors, 1 left on base; Connecticut 0 - Hudson Valley 0 |
TOP OF THE 2ND |
Connecticut Tigers batting - Pitching for Hudson Valley Renegades : LHP Alex Viera
|
Batting: RHB Trevor Mock
|
0-0: Ball 1-0: Foul Ball, location: 2F 1-1: Swinging Strike 1-2: Ball 2-2: Ball 3-2: Base on Balls
|
Batting: RHB Tony Nunez
|
0-0: Called Strike Trevor Mock steals 2nd base 0-1: Ball 1-1: Swinging Strike 1-2: Strikes out swinging
|
Batting: LHB Ryan Adams
|
0-0: Ball Trevor Mock steals 3rd base 1-0: SINGLE (Groundball, 34D, EV 96.9 MPH) Trevor Mock scores
|
Batting: RHB Brandon Everett
|
0-0: Ground out 4-3 (Groundball, 34, EV 108.1 MPH) Ryan Adams to second
|
Batting: LHB Isao Fukui
|
0-0: Ball 1-0: Called Strike 1-1: Foul Ball, location: 2F 1-2: Ground out 4-3 (Groundball, 4, EV 98.8 MPH)
|
Top of the 2nd over - 1 run, 1 hit, 0 errors, 1 left on base; Connecticut 1 - Hudson Valley 0 |
BOTTOM OF THE 2ND |
Hudson Valley Renegades batting - Pitching for Connecticut Tigers : LHP Randolph Main
|
Batting: SHB Joshua Jackson
|
0-0: Ball 1-0: Foul Ball, location: 2F 1-1: Called Strike 1-2: Foul Ball, location: 2F 1-2: Foul Ball, location: 2F 1-2: Foul Ball, location: 2F 1-2: Ball 2-2: Ball 3-2: SINGLE (Groundball, 34, EV 105.0 MPH) (infield hit)
|
Batting: RHB Mikey Sano
|
0-0: Called Strike 0-1: Ball 1-1: Called Strike Joshua Jackson steals 2nd base 1-2: Strikes out swinging
|
Batting: LHB Jonathan Spino
|
0-0: Swinging Strike 0-1: Ball 1-1: Fly out, F8 (Flyball, 8RM, EV 85.6 MPH)
|
Batting: RHB Chris Glavin
|
0-0: Foul Ball, location: 2F 0-1: Ground out 6-3 (Groundball, 6, EV 87.5 MPH)
|
Bottom of the 2nd over - 0 runs, 1 hit, 0 errors, 1 left on base; Connecticut 1 - Hudson Valley 0 |
TOP OF THE 3RD |
Connecticut Tigers batting - Pitching for Hudson Valley Renegades : LHP Alex Viera
|
Batting: LHB Zach Rose
|
0-0: Swinging Strike 0-1: Swinging Strike 0-2: Strikes out looking
|
Batting: RHB Sam Saunders
|
0-0: Ball 1-0: Ball 2-0: Ball 3-0: Called Strike 3-1: Foul Ball, location: 2F 3-2: Strikes out swinging
|
Batting: LHB Jon Pedlar
|
0-0: Foul Ball, location: 2F 0-1: Ball 1-1: Ball 2-1: Ball 3-1: Foul Ball, location: 2F 3-2: Base on Balls
|
Batting: RHB Josh Lyon
|
0-0: Ball 1-0: Called Strike 1-1: Ball 2-1: Ball 3-1: Base on Balls Jon Pedlar to second
|
Batting: RHB Trevor Mock
|
0-0: Ball 1-0: Called Strike 1-1: Ball 2-1: Fly out, F7 (Line Drive, 7S, EV 92.5 MPH)
|
Top of the 3rd over - 0 runs, 0 hits, 0 errors, 2 left on base; Connecticut 1 - Hudson Valley 0 |
BOTTOM OF THE 3RD |
Hudson Valley Renegades batting - Pitching for Connecticut Tigers : LHP Randolph Main
|
Batting: RHB Greg Grayson
|
0-0: Ball 1-0: Ground out 6-3 (Groundball, 6, EV 86.2 MPH)
|
Batting: RHB Wan-ling Zhu
|
0-0: Called Strike 0-1: Foul Ball, location: 2F 0-2: SINGLE (Line Drive, 8RS, EV 108.8 MPH)
|
Batting: RHB Kunizo Yanagisawa
|
0-0: Called Strike 0-1: Ball 1-1: Ball 2-1: Fielders Choice at 2nd, 4-6 (Groundball, 4, EV 102.5 MPH)
|
Batting: RHB Joe Hartigan
|
0-0: Called Strike 0-1: Ball 1-1: 2-RUN HOME RUN (Flyball, 9D, EV 95.6 MPH), Distance : 379 ft
|
Batting: RHB Alex Koral
|
0-0: Ball 1-0: Ball 2-0: Ball 3-0: Base on Balls
|
Batting: SHB Joshua Jackson
|
0-0: Ball 1-0: Ball 2-0: Called Strike 2-1: Foul Ball, location: 2F 2-2: Fly out, F5 (Flyball, 5D, EV 86.2 MPH)
|
Bottom of the 3rd over - 2 runs, 2 hits, 0 errors, 1 left on base; Connecticut 1 - Hudson Valley 2 |
TOP OF THE 4TH |
Connecticut Tigers batting - Pitching for Hudson Valley Renegades : LHP Alex Viera
|
Batting: RHB Tony Nunez
|
0-0: Ground out 6-3 (Groundball, 6D, EV 101.2 MPH)
|
Batting: LHB Ryan Adams
|
0-0: Called Strike 0-1: Called Strike 0-2: Ball 1-2: Strikes out swinging
|
Batting: RHB Brandon Everett
|
0-0: Ball 1-0: Foul Ball, location: 2F 1-1: Swinging Strike 1-2: Ball 2-2: Ball 3-2: Base on Balls
|
Batting: LHB Isao Fukui
|
0-0: Called Strike 0-1: Ball 1-1: Ground out 4-3 (Groundball, 4, EV 79.4 MPH)
|
Top of the 4th over - 0 runs, 0 hits, 0 errors, 1 left on base; Connecticut 1 - Hudson Valley 2 |
BOTTOM OF THE 4TH |
Hudson Valley Renegades batting - Pitching for Connecticut Tigers : LHP Randolph Main
|
Batting: RHB Mikey Sano
|
0-0: Ball 1-0: Swinging Strike 1-1: Foul Ball, location: 2F 1-2: Strikes out swinging
|
Batting: LHB Jonathan Spino
|
0-0: Fly out, F6 (Popup, 56D, EV 58.8 MPH)
|
Batting: RHB Chris Glavin
|
0-0: Foul Ball, location: 2F 0-1: Ball 1-1: Ball 2-1: Foul Ball, location: 2F 2-2: Ball 3-2: Ground out 4-3 (Groundball, 4, EV 86.9 MPH)
|
Bottom of the 4th over - 0 runs, 0 hits, 0 errors, 0 left on base; Connecticut 1 - Hudson Valley 2 |
TOP OF THE 5TH |
Connecticut Tigers batting - Pitching for Hudson Valley Renegades : LHP Alex Viera
|
Batting: LHB Zach Rose
|
0-0: Ball 1-0: Foul Ball, location: 2F 1-1: Called Strike 1-2: Fly out, F8 (Line Drive, 89D, EV 93.8 MPH)
|
Batting: RHB Sam Saunders
|
0-0: Foul Ball, location: 2F 0-1: Swinging Strike 0-2: Ball 1-2: Foul Ball, location: 2F 1-2: Ball 2-2: Foul Ball, location: 2F 2-2: Fly out, F7 (Flyball, 7D, EV 103.1 MPH)
|
Batting: LHB Jon Pedlar
|
0-0: Called Strike 0-1: Ground out 4-3 (Groundball, 4MS, EV 81.2 MPH)
|
Top of the 5th over - 0 runs, 0 hits, 0 errors, 0 left on base; Connecticut 1 - Hudson Valley 2 |
BOTTOM OF THE 5TH |
Hudson Valley Renegades batting - Pitching for Connecticut Tigers : LHP Randolph Main
|
Batting: RHB Greg Grayson
|
0-0: Called Strike 0-1: Swinging Strike 0-2: Ball 1-2: Fly out, F7 (Flyball, 78M, EV 90.0 MPH)
|
Batting: RHB Wan-ling Zhu
|
0-0: Ball 1-0: Ball 2-0: Ball 3-0: Called Strike 3-1: Base on Balls
|
Batting: RHB Kunizo Yanagisawa
|
0-0: Ball Wan-ling Zhu steals 2nd, throwing error, E2 Wan-ling Zhu to third 1-0: Hit by Pitch
|
Batting: RHB Joe Hartigan
|
0-0: Swinging Strike 0-1: Foul Ball, location: 2F 0-2: Ball 1-2: Ball 2-2: Ball 3-2: Base on Balls Kunizo Yanagisawa to second
|
Pitching: RHP Sho Sekine
|
|
Batting: RHB Alex Koral
|
0-0: Ball 1-0: Grounds into fielders choice 6-2 (Groundball, 6MS, EV 71.9 MPH) Kunizo Yanagisawa to third Joe Hartigan to second
|
Batting: SHB Joshua Jackson
|
0-0: SINGLE (Line Drive, 5D, EV 95.6 MPH) Kunizo Yanagisawa scores Joe Hartigan to third Alex Koral to second Runner from 3rd tries for Home, throw by LF and OUT! 7-2
|
Bottom of the 5th over - 1 run, 1 hit, 1 error, 2 left on base; Connecticut 1 - Hudson Valley 3 |
TOP OF THE 6TH |
Connecticut Tigers batting - Pitching for Hudson Valley Renegades : LHP Alex Viera
|
Batting: RHB Josh Lyon
|
0-0: Called Strike 0-1: Fly out, F9 (Flyball, 9, EV 79.4 MPH)
|
Batting: RHB Trevor Mock
|
0-0: Ball 1-0: Foul Ball, location: 2F 1-1: Fly out, F4 (Line Drive, 4M, EV 70.0 MPH)
|
Batting: RHB Tony Nunez
|
0-0: Ground out 1-3 (Groundball, P, EV 66.9 MPH)
|
Top of the 6th over - 0 runs, 0 hits, 0 errors, 0 left on base; Connecticut 1 - Hudson Valley 3 |
BOTTOM OF THE 6TH |
Hudson Valley Renegades batting - Pitching for Connecticut Tigers : RHP Sho Sekine
|
Batting: RHB Mikey Sano
|
0-0: Ball 1-0: Ball 2-0: Ball 3-0: Base on Balls
|
Batting: LHB Jonathan Spino
|
0-0: Ball 1-0: Called Strike 1-1: Ball 2-1: Foul Ball, location: 2F 2-2: Strikes out swinging
|
Batting: RHB Chris Glavin
|
0-0: Called Strike 0-1: Ball 1-1: Ground out 5-3 (Groundball, 56S, EV 61.9 MPH) Mikey Sano to second
|
Batting: RHB Greg Grayson
|
0-0: Called Strike 0-1: Fly out, F9 (Flyball, 9, EV 93.8 MPH)
|
Bottom of the 6th over - 0 runs, 0 hits, 0 errors, 1 left on base; Connecticut 1 - Hudson Valley 3 |
TOP OF THE 7TH |
Connecticut Tigers batting - Pitching for Hudson Valley Renegades : LHP Alex Viera
|
Batting: LHB Ryan Adams
|
0-0: Ball 1-0: Ball 2-0: Ball 3-0: Called Strike 3-1: Called Strike 3-2: Fly out, F7 (Flyball, 7, EV 80.6 MPH)
|
Batting: RHB Brandon Everett
|
0-0: Ball 1-0: Ball 2-0: Ball 3-0: Base on Balls
|
Pinch Hitting: RHB Yaremka Rzhevsky
|
0-0: Ball 1-0: Foul Ball, location: 2F 1-1: Swinging Strike 1-2: Ball 2-2: Ball 3-2: Base on Balls Brandon Everett to second
|
Pinch Hitting: RHB Michel Martineau
|
0-0: Ball 1-0: Ball 2-0: Ball 3-0: Called Strike 3-1: Foul Ball, location: 2F 3-2: Foul Ball, location: 2F 3-2: Base on Balls Brandon Everett to third Yaremka Rzhevsky to second
|
Pitching: RHP Brandon Isabell
|
|
Batting: RHB Sam Saunders
|
0-0: Called Strike 0-1: Ball 1-1: Swinging Strike 1-2: Ball Wild Pitch! Brandon Everett scores Yaremka Rzhevsky to third Michel Martineau to second 2-2: Ball 3-2: Base on Balls
|
Batting: LHB Jon Pedlar
|
0-0: Called Strike 0-1: Ball 1-1: Grounds into fielders choice 6-2 (Groundball, 6, EV 105.6 MPH) Michel Martineau to third Sam Saunders to second
|
Batting: RHB Josh Lyon
|
0-0: Ball 1-0: Foul Ball, location: 2F 1-1: Called Strike 1-2: Ball 2-2: Foul Ball, location: 2F 2-2: Ball 3-2: Foul Ball, location: 2F 3-2: Base on Balls Michel Martineau scores Sam Saunders to third Jon Pedlar to second
|
Batting: RHB Trevor Mock
|
0-0: Called Strike 0-1: Fly out, F8 (Flyball, 8LD, EV 98.1 MPH)
|
Top of the 7th over - 2 runs, 0 hits, 0 errors, 3 left on base; Connecticut 3 - Hudson Valley 3 |
BOTTOM OF THE 7TH |
Hudson Valley Renegades batting - Pitching for Connecticut Tigers : RHP Sho Sekine
|
Now at 2B: Brandon Everett
|
|
Now at 3B: Ryan Adams
|
|
Now at SS: Yaremka Rzhevsky
|
|
Now in LF: Billy Verdusco
|
|
Pinch Hitting: LHB Mario Ocana
|
0-0: Called Strike 0-1: Fly out, F7 (Flyball, 78M, EV 86.2 MPH)
|
Batting: RHB Kunizo Yanagisawa
|
0-0: Ball 1-0: Ground out 5-3 (Groundball, 56S, EV 61.2 MPH)
|
Batting: RHB Joe Hartigan
|
0-0: Ball 1-0: Ball 2-0: Ball 3-0: Called Strike 3-1: Called Strike 3-2: Foul Ball, location: 2F 3-2: Fly out, F7 (Flyball, 7, EV 81.9 MPH)
|
Bottom of the 7th over - 0 runs, 0 hits, 0 errors, 0 left on base; Connecticut 3 - Hudson Valley 3 |
TOP OF THE 8TH |
Connecticut Tigers batting - Pitching for Hudson Valley Renegades : RHP Brandon Isabell
|
Now at SS: Mario Ocana
|
|
Batting: RHB Tony Nunez
|
0-0: Called Strike 0-1: Ball 1-1: Ball 2-1: Swinging Strike 2-2: Ground out 1-3 (Groundball, 15S, EV 69.4 MPH)
|
Batting: LHB Ryan Adams
|
0-0: Called Strike 0-1: Swinging Strike 0-2: Strikes out swinging
|
Batting: RHB Brandon Everett
|
0-0: Ball 1-0: Swinging Strike 1-1: Called Strike 1-2: Strikes out swinging
|
Top of the 8th over - 0 runs, 0 hits, 0 errors, 0 left on base; Connecticut 3 - Hudson Valley 3 |
BOTTOM OF THE 8TH |
Hudson Valley Renegades batting - Pitching for Connecticut Tigers : RHP Sho Sekine
|
Pitching: RHP Matt Haberle
|
|
Batting: RHB Alex Koral
|
0-0: Ball 1-0: Ball 2-0: Called Strike 2-1: Called Strike 2-2: Ball 3-2: Base on Balls
|
Batting: SHB Joshua Jackson
|
0-0: DOUBLE (Groundball, 5L, EV 103.8 MPH) Alex Koral to third
|
Batting: RHB Mikey Sano
|
0-0: Fly out, F7 (Flyball, 78M, EV 78.1 MPH)
|
Batting: LHB Jonathan Spino
|
0-0: Intentional Walk
|
Pinch Hitting: RHB Octavio Cuevas
|
0-0: Swinging Strike 0-1: Hit by Pitch Alex Koral scores Joshua Jackson to third Jonathan Spino to second
|
Batting: RHB Greg Grayson
|
0-0: Swinging Strike 0-1: Called Strike 0-2: Strikes out swinging
|
Batting: LHB Mario Ocana
|
0-0: Swinging Strike 0-1: Ball 1-1: Called Strike 1-2: Ball 2-2: Ball 3-2: Strikes out swinging
|
Bottom of the 8th over - 1 run, 1 hit, 0 errors, 3 left on base; Connecticut 3 - Hudson Valley 4 |
TOP OF THE 9TH |
Connecticut Tigers batting - Pitching for Hudson Valley Renegades : RHP Brandon Isabell
|
Pitching: RHP Matt Wicker
|
|
Now at 3B: Eric Waugaman
|
|
Batting: RHB Yaremka Rzhevsky
|
0-0: Ground out 5-3 (Groundball, 5L, EV 108.1 MPH)
|
Pinch Hitting: LHB Tokugoro Adachi
|
0-0: Foul Ball, location: 2F 0-1: Hit by Pitch
|
Batting: RHB Sam Saunders
|
0-0: Foul Ball, location: 2F 0-1: Swinging Strike 0-2: Ball 1-2: Ball 2-2: Ball 3-2: Foul Ball, location: 2F 3-2: Base on Balls Tokugoro Adachi to second
|
Batting: LHB Jon Pedlar
|
0-0: Ball 1-0: Ball 2-0: Ball 3-0: Base on Balls Tokugoro Adachi to third Sam Saunders to second
|
Batting: RHB Josh Lyon
|
0-0: Fly out, F7 (Flyball, 7LM, EV 74.4 MPH)
|
Batting: RHB Trevor Mock
|
0-0: Swinging Strike 0-1: Swinging Strike 0-2: Ball 1-2: Foul Ball, location: 2F 1-2: Ball 2-2: Strikes out swinging
|
Top of the 9th over - 0 runs, 0 hits, 0 errors, 3 left on base; Connecticut 3 - Hudson Valley 4 |
|